 Dungeon Crawl Stone Soup version 0.32-a0-616-g9348d4545b (webtiles) character file.

Game seed: 3956987650318315831

3958 LlamaRama1234 the Grappler (level 10, -38/102 HPs)
             Began as a Troll Monk on Mar 4, 2024.
             Was an Elder of Wu Jian.
             Engulfed by a cloud of flame (48 damage)
             ... in a bailey on Mar 5, 2024.
             The game lasted 00:32:31 (6103 turns).

LlamaRama1234 the Grappler (Troll Monk)             Turns: 6103, Time: 00:32:31

Health: -38/102    AC:  6    Str: 22    XL:     10   Next: 2%
Magic:  9/9        EV: 28    Int: 10    God:    Wu Jian [****..]
Gold:   343        SH:  0    Dex: 17    Spells: 9/9 levels left

rFire   . .          .
                       - Unarmed
rCold   . . .        c - orb {light}
rNeg    . . .        e - +2 robe {Will+}
rPois   .            (helmet restricted)
rElec   .            (no cloak)
rCorr   .            (gloves unavailable)
SInv    .            (boots unavailable)
Will    +....        y - amulet of the acrobat
Stlth   +            g - +6 ring of dexterity
HPRegen 1.17/turn    (no ring)
MPRegen 0.11/turn

%: acrobat
@: acrobatic, glowing, studying Staves
A: large, unfitting armour, claws 3, regeneration 1, shaggy fur 1, tough skin 1,
clever 1, weak 1
a: Renounce Religion, Wall Jump, Serpent's Lash


You were in a bailey.
You worshipped Wu Jian.
Wu Jian was greatly pleased with you.
You visited 2 branches of the dungeon, and saw 9 of its levels.
You also visited: Ossuary and Bailey.

You collected 343 gold pieces.

Inventory:

Armour
 a - a +1 robe
 c - an orb of light (worn)
 e - a +2 robe of willpower (worn)
 B - an orb of guile
Jewellery
 g - a +6 ring of dexterity (left claw)
 p - an amulet of magic regeneration
 y - an amulet of the acrobat (around neck)
Talismans
 m - a blade talisman
Wands
 z - a wand of paralysis (9)
Scrolls
 b - 3 scrolls of fog
 h - 2 scrolls of enchant weapon
 i - a scroll of silence {unknown}
 k - 2 scrolls of teleportation
 n - a scroll of enchant armour
 t - a scroll of amnesia
 x - 2 scrolls of blinking
Potions
 d - 4 potions of haste
 f - a potion of heal wounds
 j - 2 potions of curing
 l - 3 potions of degeneration
 o - a potion of cancellation
 q - 2 potions of lignification
 r - a potion of ambrosia
 s - a potion of might
 v - a potion of mutation
 w - 2 potions of enlightenment
 A - a potion of attraction


   Skills:
 * Level 7.5 Fighting
 * Level 7.4 Dodging
 * Level 8.9 Unarmed Combat


You had 9 spell levels left.
You didn't know any spells.
Your spell library contained the following spells:

 Spells                   Type           Power      Damage    Failure   Level
 Inner Flame              Hex/Fire       0%         N/A       75%         3
 Irradiate                Conj/Alch      0%         3d11      100%        5
 Ignition                 Fire           0%         3d3       100%        8


Dungeon Overview and Level Annotations

Branches:
Dungeon (8/15)             Temple (1/1) D:5         Ossuary (visited)
 Bailey (1/1)
   Lair: D:8-11

Altars:
Ashenzari
Dithmenos
Elyvilon
Fedhas
Gozag
Hepliaklqana
Makhleb
Okawaru
Qazlal
Ru
Sif Muna
Trog
Uskayaw
Vehumet
Wu Jian
Xom
Yredelemnul
Zin
The Shining One

Shops:
D:6 *


Innate Abilities, Weirdness & Mutations

You are too large for most types of armour.
You have claws for hands.
Your natural rate of healing is unusually fast.
You are covered in fur. (AC +1)
You have tough skin. (AC +1)
Your mind is acute. (Int +4, Str/Dex -1)
You are weak. (Str -2)


Message History

The orc knight hits you with a +0 war axe.
* * * LOW HITPOINT WARNING * * *
You have reached level 10!
You scratch the orc knight but do no damage.
The orc knight is severely wounded.
The orc knight hits you with a +0 war axe.
* * * LOW HITPOINT WARNING * * *
A kobold comes into view.
You spin and attack the orc knight.
The kobold shouts!
You scratch the orc knight but do no damage.
The orc knight is severely wounded.
The kobold barely misses you. The orc knight misses you.
Things that are here:
a +0 hand axe; a +0 leather armour
As you read the scroll of immolation, it crumbles to dust.
The creatures around you are filled with an inner flame!
The kobold misses you.
The orc knight hits you with a +0 war axe!
* * * LOW HITPOINT WARNING * * *
The kobold attacks as it pursues you! The kobold completely misses you.
The kobold attacks as it pursues you! The kobold misses you.
Aiming: Wall Jump
Press: ? - help, Dir - move target You repeatedly attack the orc knight from above.
You scratch the orc knight but do no damage.
The orc knight is heavily wounded.
You closely miss the orc knight.
The orc knight is heavily wounded.
You repeatedly attack the kobold from above.
You scratch the kobold. The Council accepts your kill.
The kobold explodes!
The fiery explosion engulfs you!
* * * LOW HITPOINT WARNING * * *
The fiery explosion engulfs the orc knight!!
Flame seeps out of the orc knight.
The orc knight is almost dead.
You are engulfed in blazing flames.
You die...

#~.........~#'###..♣♣
#~..ß...ß..~#.~~~...♣
##.........##(~~~...♣
~....∩....~#.~~~...∩
#.~~~...♣ #.~~~...♣
##'###..♣♣ #.○○○##.♣
#.○@○§##♣ #.○○o§.#
#..K...ß...#
...........$#
............?#
......ß..ß.?##
####.......##
##....!##


You could see an orc knight (inner flame) and a kobold (inner flame).

Vanquished Creatures
  Maggie (D:8)
  Jeremiah (D:8)
  Sigmund (D:2)
  A yak (D:6)
  A steam dragon (D:8)
  2 water moccasins
  2 orc warriors
  2 sky beasts
  2 ogres
  4 centaurs
  3 elf zombies (Ossuary)
  A bullfrog (D:7)
  A kobold brigand (D:7)
  3 scorpions
  2 centaur zombies (Ossuary)
  6 bombardier beetles
  2 human zombies (Ossuary)
  4 orc priests (D:7)
  4 jellies
  4 hounds
  2 sleepcaps
  Jessica (D:3)
  4 iguanas
  4 orc wizards
  9 hound zombies (Ossuary)
  3 mummies
  5 adders
  A gnoll (Bailey)
  A shadow imp (D:6)
  2 white imps
  2 ufetubi (D:7)
  3 adder zombies (Ossuary)
  A dart slug (D:4)
  A ribbon worm (D:2)
  31 orcs
  13 ball pythons
  6 endoplasms
  2 giant cockroaches
  5 goblins
  6 hobgoblins
  19 kobolds
  4 quokkas
  3 bats
  A frilled lizard (D:3)
  2 gnoll zombies (Ossuary)
  2 goblin skeletons (D:6)
  2 goblin zombies (D:6)
  5 jackal zombies (Ossuary)
  3 kobold skeletons (D:6)
  7 kobold zombies
  2 orc skeletons (D:6)
  9 orc zombies
  4 rats
212 creatures vanquished.

Notes
Turn   | Place    | Note
-------+----------+-------------------------------------------
     0 | D:1      | LlamaRama1234 the Troll Monk began the quest for the Orb.
     0 | D:1      | Reached XP level 1. HP: 22/22 MP: 0/0
   157 | D:1      | Reached XP level 2. HP: 29/29 MP: 1/1
   678 | D:2      | Found a faded altar of an unknown god.
   679 | D:2      | Noticed a shining eye
   681 | D:2      | Noticed a shining eye
   681 | D:2      | Noticed an eye of devastation
   681 | D:2      | Noticed a great orb of eyes
   692 | D:2      | Prayed at the altar of an unknown god.
   692 | D:2      | Became a worshipper of the Wu Jian Council
   692 | D:2      | Reached * piety under Wu Jian
   692 | D:2      | Reached ** piety under Wu Jian
   732 | D:2      | Noticed Sigmund
   755 | D:2      | Reached XP level 3. HP: 29/36 MP: 2/2
   757 | D:2      | Killed Sigmund
   758 | D:2      | Reached skill level 4 in Unarmed Combat
   758 | D:2      | Reached XP level 4. HP: 30/45 MP: 3/3
   758 | D:2      | Reached XP level 5. HP: 36/53 MP: 4/4
   782 | D:2      | Upgraded the game from 0.32-a0-612-g1c984fe9d1 to
                  | 0.32-a0-616-g9348d4545b
  1188 | D:2      | Reached *** piety under Wu Jian
  1313 | D:3      | Found an iron altar of Okawaru.
  1424 | D:3      | Noticed Jessica
  1430 | D:3      | Killed Jessica
  1431 | D:3      | Reached XP level 6. HP: 60/62 MP: 5/5
  2287 | D:4      | Found a sand-covered staircase.
  2293 | Ossuary  | Entered an ossuary
  2305 | Ossuary  | Reached skill level 5 in Unarmed Combat
  2325 | Ossuary  | Reached XP level 7. HP: 66/71 MP: 6/6
  2363 | Ossuary  | Reached **** piety under Wu Jian
  2483 | Ossuary  | Reached skill level 5 in Fighting
  2609 | D:4      | Reached skill level 5 in Dodging
  2609 | D:4      | Reached skill level 6 in Unarmed Combat
  2757 | D:4      | Gained mutation: You are weak. (Str -2) [potion of
                  | mutation]
  2757 | D:4      | Gained mutation: Your mind is acute. (Int +4, Str/Dex -1)
                  | [potion of mutation]
  3000 | D:5      | Entered Level 5 of the Dungeon
  3000 | D:5      | Found a blossoming altar of Fedhas.
  3020 | D:5      | Reached XP level 8. HP: 80/80 MP: 7/7
  3157 | D:5      | Found a staircase to the Ecumenical Temple.
  3211 | Temple   | Entered the Ecumenical Temple
  3630 | D:5      | Found a shimmering blue altar of Sif Muna.
  4157 | D:6      | Found a glowing golden altar of the Shining One.
  4169 | D:6      | Reached ***** piety under Wu Jian
  4251 | D:6      | HP: 1/83 [acid (10)]
  4256 | D:6      | Reached skill level 7 in Unarmed Combat
  4397 | D:6      | Found Zin's Purification Station.
  4401 | D:6      | Found a glowing silver altar of Zin.
  4733 | D:6      | Reached XP level 9. HP: 77/89 MP: 8/8
  5142 | D:7      | Reached skill level 8 in Unarmed Combat
  5189 | D:7      | Found a broken altar of Ashenzari.
  5899 | D:8      | Noticed Jeremiah
  5925 | D:8      | Killed Jeremiah
  6032 | D:8      | Found a flagged portal.
  6034 | D:8      | Noticed Maggie
  6040 | D:8      | Killed Maggie
  6043 | Bailey   | Entered a bailey
  6055 | Bailey   | Noticed an orc warlord
  6087 | Bailey   | Noticed an orc knight
  6097 | Bailey   | Reached XP level 10. HP: 29/102 MP: 9/9
  6103 | Bailey   | Engulfed by a cloud of flame

Illustrated notes

Levels and vault maps discovered:
D:1:      lightli_arrival_maybe_door_vault, layout_basic
D:2:      layout_loops_ring, hellmonk_ecumenical_altar_watching_god,
          uniq_sigmund
D:3:      layout_basic, okawaru_ov_weapons_minmay, uniq_jessica
D:4:      layout_cave_pools, nicolae_ossuary_entry_giza, minmay_bisected
D:5:      layout_loops_corners, fedhas_altar_3, led_sif_pool, temple_doors_e,
          minmay_misc_feat_x
D:6:      layout_cave_pools, zin_purify, nicolae_tso_besieged_by_evil,
          serial_column_ruins, column_ruins_hut, column_ruins_circle_small,
          column_ruins_corridor_straight, column_ruins_open_small_water,
          column_ruins_columns_straight, column_ruins_open_medium,
          column_ruins_open_medium, column_ruins_grid_4
D:7:      layout_basic, nicolae_ashenzari_skybound, minmay_manual_mares
D:8:      layout_layer_cave, minmay_lair_entry_grove, enter_bailey_2,
          uniq_maggie, uniq_jeremiah
Temple:   cyrus_circular_temple
Bailey:   bailey_axe_bossmonster_kennysheep, bailey

Skill      XL: |  1  2  3  4  5  6  7  8  9 |
---------------+----------------------------+-----
Fighting       | 3 4 5 6 7 |  7.5
Dodging        | 3 4 5 6 7 |  7.4
Unarmed Combat | 4 5 6 7 8 |  8.9

Action                     |  1- 3 |  4- 6 |  7- 9 | 10-12 || total
---------------------------+-------+-------+-------+-------++-------
  Melee: Unarmed           |    62 |   108 |   419 |     5 ||   594
 Invoke: Serpent's Lash    |       |     2 |     3 |       ||     5
         Heavenly Storm    |       |       |     1 |       ||     1
Ability: Whirlwind         |    11 |    35 |    73 |     1 ||   120
         Lunge             |     1 |    12 |    50 |       ||    63
         Wall Jump         |       |     9 |    12 |     1 ||    22
    Use: Scroll            |     5 |     5 |     3 |     1 ||    14
         Potion            |     2 |     3 |     7 |       ||    12
 Armour: Robe              |    48 |    48 |   203 |     4 ||   303
  Dodge: Dodged            |    35 |    50 |   174 |     5 ||   264

Table legend: (Time is in decaauts)
 A = Elapsed time spent in this place.
 B = Non-inter-level travel time spent in this place.
 C = Inter-level travel time spent in this place.
 D = Time resting spent in this place.
 E = Time spent auto-exploring this place.
 F = Levels seen in this place.
 G = Mean time per level.
                   A        B        C        D        E       F      G
               +--------+--------+--------+--------+--------+-----+--------+
         Total |   6062 |   5176 |    886 |    150 |   3822 |  11 |  551.1 |
       Dungeon |   5664 |   4863 |    801 |    141 |   3772 |   8 |  708.0 |
        Temple |     90 |      5 |     85 |      0 |      0 |   1 |   90.0 |
       Ossuary |    249 |    249 |      0 |      0 |     50 |   1 |  249.0 |
        Bailey |     58 |     58 |      0 |      9 |      0 |   1 |   58.0 |
               +--------+--------+--------+--------+--------+-----+--------+

Top non-repeatable levels by time:
     D:5: 1056 daAuts
     D:7: 1026 daAuts
     D:3: 947 daAuts
     D:6: 669 daAuts
     D:2: 651 daAuts
     D:4: 567 daAuts
     D:1: 553 daAuts
 Ossuary: 249 daAuts
     D:8: 192 daAuts
  Temple: 90 daAuts
  Bailey: 58 daAuts
